 Dungeon Crawl Stone Soup version 0.25-a0-578-gc91f01c (webtiles) character file.

Game seed: 9166522805057033736, levelgen mode: deterministic

46 Faels the Slasher (level 3, -1/29 HPs)
             Began as a Demonspawn Fighter on Mar 3, 2020.
             Killed from afar by Sigmund (2 damage)
             ... with a puff of flame
             ... on level 2 of the Dungeon.
             The game lasted 00:03:22 (1422 turns).

Faels the Slasher (Demonspawn Fighter)              Turns: 1422, Time: 00:03:23

Health: -1/29      AC:  7    Str: 16    XL:     3   Next: 46%
Magic:  0/3        EV:  7    Int:  9    God:
Gold:   23         SH:  0    Dex: 13    Spells: 2/2 levels left

rFire    . . .     SeeInvis .   a - +0 long sword
rCold    . . .     Gourm    .   c - +0 kite shield
rNeg     . . .     Faith    .   b - +0 scale mail
rPois    .         Spirit   +   l - +0 helmet
rElec    .         Reflect  .   (no cloak)
rCorr    .         Harm     .   (no gloves)
MR       .....                  (no boots)
Stlth    ..........             (no amulet)
HPRegen  0.09/turn              (no ring)
MPRegen  0.08/turn              (no ring)

@: confused, mighty
A: magic shield
a: no special abilities


You were on level 2 of the Dungeon.
You were hungry.

You visited 1 branch of the dungeon, and saw 2 of its levels.

You collected 23 gold pieces.

Inventory:

Hand Weapons
 a - a +0 long sword (weapon)
Armour
 b - a +0 scale mail (worn)
 c - a +0 kite shield (worn)
 l - a +0 helmet (worn)
Jewellery
 e - an uncursed amulet of guardian spirit {unknown}
Scrolls
 h - 2 scrolls of amnesia {unknown}
 j - a scroll of enchant armour {unknown}
 k - a scroll of magic mapping {unknown}
 m - a scroll of remove curse {unknown}
Potions
 g - a potion of flight
 i - a potion of haste
Comestibles
 f - 3 rations


   Skills:
 - Level 3.0 Fighting
 * Level 3.3 Long Blades
 - Level 2.6 Armour
 - Level 1.0 Dodging
 - Level 2.6 Shields


You had 2 spell levels left.
You didn't know any spells.
Your spell library was empty.

Dungeon Overview and Level Annotations

Branches:
Dungeon (2/15)

Altars:

Annotations:
D:2 Sigmund


Innate Abilities, Weirdness & Mutations

When hurt, damage is shared between your health and your magic reserves.


Message History

You see here a scroll labeled OZAITW GESO.
You bump into the rock wall.
Sigmund casts a spell at you.
You are more confused.
Sigmund casts a spell at you.
You are more confused.
Sigmund casts a spell at you.
You are more confused.
Sigmund hits you from afar with a +4 scythe of protection.
* * * LOW HITPOINT WARNING * * *
You see here a scroll labeled OZAITW GESO.
You see here a scroll labeled OZAITW GESO.
Sigmund hits you but does no damage. Sigmund closely misses you.
Things that are here:
23 stones; a +0 dagger; a +0 hunting sling You see here a cursed -1 club.
Sigmund gestures at you while chanting. The puff of flame hits you.
You die...

..#.# .#
...##.#
####...#<#
.>....#.#
......#
#.#.###
#.@...#
#.?)(.#
#..<@.#
#.....#
#.....#
#######


You could see Sigmund.

Vanquished Creatures
  Robin (D:1)
  An adder (D:2)
  A dart slug (D:1)
  A leopard gecko (D:1)
  2 bats (D:1)
  9 goblins
  3 hobgoblins (D:1)
  A frilled lizard (D:1)
  2 kobolds (D:1)
  2 rats
23 creatures vanquished.

Notes
Turn   | Place    | Note
-------+----------+-------------------------------------------
     0 | D:1      | Faels the Demonspawn Fighter began the quest for the Orb.
     0 | D:1      | Reached XP level 1. HP: 18/18 MP: 1/1
   225 | D:1      | Gained mutation: When hurt, damage is shared between your
                  | health and your magic reserves. [demonic ancestry]
   225 | D:1      | Reached XP level 2. HP: 24/24 MP: 2/2
   656 | D:2      | Noticed Robin
   681 | D:1      | Reached skill level 1 in Dodging
   685 | D:1      | HP: 1/24 [Robin/+0 falchion (2)]
   686 | D:1      | Killed Robin
   998 | D:2      | Reached XP level 3. HP: 29/29 MP: 3/3
  1335 | D:2      | Noticed Sigmund
  1416 | D:2      | HP: 1/29 [Sigmund/+4 scythe of protection (5)]
  1422 | D:2      | Killed from afar by Sigmund

Levels and vault maps discovered:
D:1:      eino_arrival_water_star, layout_basic
D:2:      layout_rooms, lemuel_round_altar, uniq_sigmund, uniq_robin

Skill      XL: |  1  2  3 |
---------------+----------+-----
Long Blades    | 2 3 |  3.3
Dodging        | 1 |  1.0
Fighting       | |  3.0
Armour         | |  2.6
Shields        | |  2.6

Action                   || total
-------------------------++-------
Melee: Long sword        ||    70
  Use: Potion            ||     4
  Eat: Chunk             ||     1
Armor: Scale mail        ||    36
Dodge: Dodged            ||    25
Block: Kite shield       ||    37
       Rpst.: Long sword ||    10

Table legend:
 A = Non-vault XP
 B = Vault XP
 C = Vault XP percentage of total XP
 D = Non-vault monster count
 E = Vault monster count
 F = Vault count percentage of total count
                 A         B        C        D         E       F
            +---------+---------+-------+---------+---------+-------
      Total |      33 |      34 |  50.7 |      12 |      11 |  47.8
            +---------+---------+-------+---------+---------+-------
        D:1 |      19 |      20 |  51.3 |      10 |       4 |  28.6
        D:2 |      14 |      14 |  50.0 |       2 |       7 |  77.8
            +---------+---------+-------+---------+---------+-------
